Map: [ESL] Goldenaura

Players

NightPhoenix

  • Race: Protoss Protoss
  • Spawn Location: 12:00

Krystianer - Winner!

  • Race: Protoss Protoss
  • Spawn Location: 5:00

Event: ESL SC2 Masters 2024 Spring (Regional)

VOD

Have the link to the VOD?

Description

Time

  • Played on: April 16, 2024, 12:24 p.m.
  • Length: 9:10

All games in this series

Show
View Real Time Build Order
Export as new Build Order

NightPhoenix Protoss 

Build Orders: Phoenix Opening, Blink Stalkers 

Get SALT Encoding   

  12  0:00  Probe  
  13  0:12  Probe  
  14  0:17  Pylon  
  14  0:24  Probe (Chrono Boost)  
  15  0:36  Probe (Chrono Boost)  
  15  0:38  Gateway  
  16  0:45  Probe (Chrono Boost)  
  16  0:46  Assimilator  
  17  0:51  Probe  
  17  0:54  Assimilator  
  18  1:03  Probe (Chrono Boost)  
  19  1:08  Gateway  
  19  1:13  Probe (Chrono Boost)  
  19  1:18  Probe (Chrono Boost)  
  20  1:25  Cybernetics Core  
  21  1:29  Probe  
  22  1:34  Pylon  
  22  1:41  Probe  
  23  1:53  Probe  
  24  2:00  Stalker  
  24  2:01  Warp Gate, Stalker  
  28  2:05  Probe  
  29  2:11  Pylon  
  29  2:22  Pylon  
  29  2:30  Stalker  
  29  2:32  Stalker  
  33  2:55  Nexus  
  33  3:03  Sentry x2  
  33  3:04  Probe  
  38  3:13  Pylon  
  38  3:16  Probe  
  39  3:22  Twilight Council  
  39  3:31  Probe (Chrono Boost)  
  39  3:33  Phoenix  
  40  3:44  Probe (Chrono Boost)  
  41  3:49  Stalker x2  
  41  3:51  Probe (Chrono Boost)  
  41  3:53  Blink (Chrono Boost)  
  46  4:05  Pylon  
  46  4:09  Probe x2  
  48  4:14  Gateway  
  48  4:21  Probe x2  
  50  4:26  Sentry, Stalker  
  54  4:33  Probe x2  
  56  4:45  Pylon, Probe x2  
  58  4:46  Shield Battery  
  58  4:49  Stalker  
  60  4:53  Stalker  
  60  4:57  Pylon  
  58  5:11  Stalker  
  59  5:15  Probe (Chrono Boost)  
  59  5:16  Probe (Chrono Boost)  
  59  5:20  Stalker  
  63  5:21  Stalker  
  63  5:26  Pylon  
  63  5:27  Probe (Chrono Boost)  
  66  5:32  Probe (Chrono Boost)  
  68  5:35  Probe (Chrono Boost)  
  68  5:37  Probe (Chrono Boost)  
  68  5:38  Gateway  
  69  5:44  Stalker  
  69  5:46  Probe  
  69  5:47  Probe  
  73  5:59  Stalker x2  
  73  6:02  Assimilator, Probe x2  
  79  6:07  Pylon  
  79  6:09  Stalker  
  79  6:19  Probe  
  80  6:28  Probe  
  80  6:31  Probe  
  82  6:41  Probe  
  82  6:43  Probe  
  82  6:45  Stalker x4  
  92  6:55  Probe x2  
  92  6:58  Assimilator  
  94  7:02  Gateway  
  94  7:05  Gateway  
  94  7:08  Gateway  
  94  7:10  Pylon  
  94  7:13  Pylon, Charge (Chrono Boost)  
  94  7:22  Pylon  
  94  7:27  Nexus  
  94  7:28  Probe x2  
  92  7:41  Probe x2  
  92  7:44  Shield Battery  
  88  7:47  Adept x2  
  88  7:50  Sentry, Stalker  
  94  7:53  Probe x2  
  94  8:05  Probe x2  
  92  8:10  Stalker x5  
  102  8:15  Sentry x2  
  104  8:23  Probe x2  
  106  8:35  Stalker x4  
Show
View Real Time Build Order
Export as new Build Order

Krystianer Protoss - Winner!

Build Orders:  

Get SALT Encoding   

  12  0:00  Probe  
  13  0:12  Probe  
  14  0:16  Pylon  
  14  0:24  Probe (Chrono Boost)  
  16  0:36  Probe (Chrono Boost)  
  16  0:37  Gateway  
  16  0:43  Probe (Chrono Boost)  
  16  0:46  Assimilator  
  17  0:50  Probe  
  17  0:55  Assimilator  
  18  1:03  Probe (Chrono Boost)  
  19  1:08  Gateway  
  19  1:13  Probe (Chrono Boost)  
  20  1:19  Probe  
  20  1:24  Cybernetics Core  
  21  1:31  Probe  
  22  1:36  Pylon  
  22  1:43  Probe  
  23  1:55  Probe  
  23  2:00  Stalker x2  
  28  2:02  Warp Gate  
  28  2:07  Probe  
  29  2:12  Pylon  
  29  2:19  Probe  
  30  2:30  Sentry  
  30  2:33  Sentry  
  33  2:46  Nexus  
  34  2:56  Shield Battery  
  33  3:01  Robotics Facility  
  33  3:04  Probe  
  34  3:09  Sentry  
  36  3:15  Pylon  
  36  3:21  Stalker  
  36  3:25  Probe  
  39  3:39  Probe (Chrono Boost)  
  40  3:46  Warp Prism (Chrono Boost)  
  40  3:51  Probe (Chrono Boost)  
  43  4:02  Probe x2 (Chrono Boost)  
  45  4:06  Adept  
  45  4:07  Adept  
  45  4:09  Probe (Chrono Boost)  
  50  4:12  Observer (Chrono Boost)  
  50  4:14  Probe (Chrono Boost)  
  50  4:16  Probe  
  53  4:25  Probe  
  53  4:30  Immortal (Chrono Boost)  
  58  4:31  Probe  
  58  4:36  Pylon  
  59  4:45  Probe  
  60  4:53  Probe  
  60  4:58  Probe  
  62  5:00  Immortal (Chrono Boost)  
  62  5:04  Stalker x2  
  62  5:06  Pylon  
  70  5:11  Probe  
  69  5:15  Twilight Council  
  69  5:20  Assimilator  
  67  5:23  Probe  
  67  5:24  Gateway  
  68  5:33  Immortal  
  72  5:43  Probe  
  72  5:44  Pylon  
  72  5:45  Probe  
  72  5:46  Blink (Chrono Boost)  
  72  5:48  Adept  
  72  5:49  Adept  
  78  5:52  Pylon  
  78  6:01  Gateway  
  78  6:04  Pylon  
  78  6:05  Probe  
  78  6:06  Probe  
  79  6:20  Stalker x3  
  82  6:39  Gateway x2  
  82  6:43  Gateway  
  82  6:44  Stalker x3  
  82  6:46  Pylon  
  88  6:57  Stalker  
  90  7:05  Forge  
  90  7:07  Pylon  
  90  7:09  Stalker x3  
  90  7:14  Dark Shrine  
  96  7:17  Assimilator  
  96  7:24  Stalker  
  96  7:26  Probe  
  99  7:36  Stalker x2  
  103  7:37  Probe  
  100  7:47  Stalker x2  
  104  8:00  Pylon  
  104  8:05  Stalker x4  
  108  8:24  Nexus  
  108  8:27  Dark Templar x2  
  108  8:28  Probe x2  
  112  8:35  Adept x2  
  111  8:50  Probe  
  111  8:51  Probe  
Tags
 
Add a new tag
Caveats
  • Supply blocks, unpowered buildings, or Contaminate may cause inaccurate times.
  • Supply counts are checked every 10 seconds.